 Dungeon Crawl Stone Soup version 0.27-a0-1416-g941b2bd30b (webtiles) character file.

Game seed: 5088280737897121589

31661 wesbby the Marksminotaur (level 13, -11/112 HPs)
             Began as a Minotaur Hunter on July 1, 2021.
             Was a High Priest of Hepliaklqana.
             Mangled by a cane toad (13 damage)
             ... on level 6 of the Lair of Beasts.
             The game lasted 00:54:09 (14793 turns).

wesbby the Marksminotaur (Minotaur Hunter)         Turns: 14793, Time: 00:54:09

Health: -11/112    AC: 11    Str: 20    XL:     13   Next: 27%
Magic:  13/13      EV: 17    Int: 10    God:    Hepliaklqana [*****.]
Gold:   582        SH:  0    Dex: 11    Spells: 10/12 levels left

rFire    . . .     SeeInvis .   E - +4 flail
rCold    . . .     Faith    .   (no shield)
rNeg     . . .     Spirit   .   e - +5 ring mail
rPois    .         Reflect  .   (helmet restricted)
rElec    .         Harm     .   (no cloak)
rCorr    .         Rampage  .   (no gloves)
Will     .....                  (no boots)
Stlth    +.........             (no amulet)
HPRegen  0.28/turn              v - +4 ring of evasion
MPRegen  0.13/turn              o - ring of flight

@: lethally poisoned (-11 -> -17), about to teleport, flying
A: reduced essence, horns 2, retaliatory headbutt
a: Renounce Religion, Recall Ancestor, Ancestor Identity, Transference, Idealise


You were on level 6 of the Lair of Beasts.
You worshipped Hepliaklqana.
Hepliaklqana was extremely pleased with you.
You visited 2 branches of the dungeon, and saw 16 of its levels.

You collected 814 gold pieces.
You spent 232 gold pieces at shops.

Inventory:

Hand Weapons
 a - a +2 shortbow of freezing
 b - a +0 short sword
 l - a +0 short sword of flaming
 D - a +2 trident
 E - a +4 flail (weapon)
 G - a +4 spear
Missiles
 d - 207 arrows
 g - 4 throwing nets (quivered)
 K - 6 silver boomerangs
Armour
 c - a +0 leather armour
 e - a +5 ring mail (worn)
 r - the +2 leather armour of Vaon {rElec Regen+}
   (You found it on level 1 of the Lair of Beasts)

   rElec:     It insulates you from electricity.
   Regen:     It increases your rate of health regeneration.
 H - the +5 kite shield "Vezuog" {rC+ MP+9 Int+3 Dex-2}
   (You found it on level 2 of the Lair of Beasts)

   Int:       It affects your intelligence (+3).
   Dex:       It affects your dexterity (-2).
   rC:        It protects you from cold.
   MP:        It affects your magic capacity (+9).
Jewellery
 o - a ring of flight (right hand)
 s - a ring of willpower
 v - a +4 ring of evasion (left hand)
 M - an amulet of guardian spirit
Wands
 p - a wand of flame (32)
 u - a wand of polymorph (3)
 x - a wand of digging (8)
 L - a wand of acid (9)
Scrolls
 f - 6 scrolls of noise
 k - 3 scrolls of fear
 y - 2 scrolls of enchant weapon
 z - a scroll of enchant armour
 A - a scroll of summoning
 B - 3 scrolls of magic mapping
 C - a scroll of amnesia
 F - 4 scrolls of identify
 I - 2 scrolls of fog
Potions
 h - a potion of brilliance
 i - 3 potions of might
 m - a potion of flight
 n - 2 potions of degeneration
 q - 8 potions of curing
 t - a potion of invisibility
 w - 2 potions of berserk rage
 J - a potion of magic {unknown}


   Skills:
 * Level 14.7 Fighting
 + Level 2.6 Maces & Flails
 + Level 0.7 Polearms
 * Level 17.3 Bows
 + Level 8.4 Armour
 + Level 6.2 Dodging
 - Level 0.7 Stealth
 + Level 1.8 Invocations


You had 10 spell levels left.
You knew the following spells:

 Your Spells              Type           Power      Damage    Failure   Level
a - Blink                 Tloc           N/A        N/A       65%         2

Your spell library contained the following spells:

 Spells                   Type           Power      Damage    Failure   Level
 Foxfire                  Conj/Fire      0%         2x1d4     52%         1
 Shock                    Conj/Air       0%         1d3       52%         1
 Conjure Flame            Conj/Fire      0%         6-21      87%         3
 Inner Flame              Hex/Fire       0%         N/A       87%         3
 Ozocubu's Armour         Ice            0%         N/A       87%         3
 Stone Arrow              Conj/Erth      0%         3d7       87%         3
 Swiftness                Air            0%         N/A       87%         3
 Tukima's Dance           Hex            0%         N/A       87%         3
 Airstrike                Air            0%         N/A       99%         4
 Animate Armour           Summ/Erth      0%         N/A       99%         4
 Passage of Golubria      Tloc           N/A        N/A       99%         4
 Manifold Assault         Tloc           0%         N/A       100%        5
 Metabolic Englaciation   Hex/Ice        0%         N/A       100%        5
 Yara's Violent Unravell  Hex/Tmut       0%         3d3       100%        5
 Simulacrum               Ice/Necr       0%         N/A       100%        6
 Storm Form               Tmut/Air       0%         N/A       100%        7
 Lehudib's Crystal Spear  Conj/Erth      0%         10d2      100%        8


Dungeon Overview and Level Annotations

Branches:
Dungeon (10/15)            Temple (0/1) D:6            Lair (5/6) D:10
  Swamp (0/4) Lair:3        Snake (0/4) Lair:4          Orc (0/2) D:9
  Slime: Lair:5-6

Altars:
Ashenzari
Fedhas
Gozag
Hepliaklqana
Kikubaaqudgha
Okawaru
Qazlal
Trog
Yredelemnul

Shops:
D:3 ?   D:8 *


Innate Abilities, Weirdness & Mutations

Your life essence is reduced to manifest your ancestor. (-10% HP)
You have a pair of horns on your head.
You reflexively headbutt those who attack you in melee.


Message History

A cane toad comes into view.
Something stings Monnaoa but does no damage.
Something stings Monnaoa!!
Something stings Monnaoa!!
Monnaoa is destroyed!
The cane toad misses you. The cane toad barely misses you.
The cane toad stings you!
You are poisoned.
The cane toad poisons you!
You feel very sick. The cane toad closely misses you.
You feel very sick. The cane toad stings you!
You feel very sick.
The cane toad stings you but does no damage.
You feel very sick. The cane toad stings you!
You feel sick. The cane toad stings you!
* * * LOW HITPOINT WARNING * * *
You are lethally poisoned!
The cane toad poisons you! The cane toad closely misses you.
* * * LOW HITPOINT WARNING * * *
You feel very sick.
The cane toad stings you but does no damage.
* * * LOW HITPOINT WARNING * * *
You feel very sick. The cane toad misses you.
* * * LOW HITPOINT WARNING * * *
You feel very sick. The cane toad barely misses you. You furiously retaliate!
You headbutt the cane toad.
* * * LOW HITPOINT WARNING * * *
You feel sick. The cane toad closely misses you. You furiously retaliate!
You headbutt the cane toad.
Okay, then.
As you read the scroll of teleportation, it crumbles to dust.
You feel strangely unstable.
* * * LOW HITPOINT WARNING * * *
You feel sick. The cane toad stings you!
You die...

#♣♣### . ##♣...P##
.P♣####♣.P.....♣####
...................#..
.......†#.............
........##............
....P.#.@#............
.....#.##F#..........#
......# #####.......##
...... #....#.## .....
##....##### .....
#..###...# ....
.#..##YF.## ....
#..Y......#
........l.#


You could see a cane toad.

Vanquished Creatures
  Josephine (Lair:4)
  A hydra (Lair:2)
  3 two-headed ogres (D:10)
  A bog body (Lair:3)
  2 elephants (Lair:4)
  4 black mambas
  A torpor snail (Lair:2)
  A cane toad (Lair:1)
  4 komodo dragons
  A rime drake (Lair:2)
  The ghost of mdk the Conjurer, a novice DECj of Vehumet (D:4)
  A polar bear (Lair:3)
  3 blink frogs (Lair:1)
  A dream sheep (Lair:2)
  3 wraiths
  3 fire bats (Lair:3)
  3 wyverns
  20 yaks
  Menkaure (D:4)
  2 vampire mosquitoes (D:6)
  An acid dragon (D:9)
  9 water moccasins
  An orc warrior (D:8)
  3 black bears
  A necrophage (D:7)
  2 ogres
  4 centaurs
  14 wolves
  2 kobold brigands
  17 bullfrogs
  A gnoll sergeant (D:9)
  3 scorpions
  A killer bee (D:9)
  10 wights
  A howler monkey (D:6)
  4 centaur zombies
  A bullfrog zombie (D:3)
  A lava snake (Lair:3)
  2 orc priests (D:9)
  A bullfrog skeleton (D:6)
  2 centaur skeletons
  A hound (D:7)
  An orc wizard (D:9)
  4 adders
  4 gnolls
  2 howler monkey skeletons
  2 shadow imps
  An ufetubus (D:6)
  A worm (D:2)
  A dart slug (D:4)
  10 orcs
  6 endoplasms
  4 goblins
  4 hobgoblins
  2 jackals (D:2)
  3 quokkas
  5 ball pythons
  2 bats
  3 frilled lizards
  22 kobolds
  4 rats
220 creatures vanquished.

Vanquished Creatures (collateral kills)
  2 hydras (Lair:2)
  A catoblepas (Lair:1)
  6 elephants (Lair:4)
  A black mamba (Lair:5)
  4 cane toads
  A rime drake (Lair:4)
  3 komodo dragons
  2 blink frogs (Lair:1)
  4 wyverns
  15 yaks
  A wraith (Lair:4)
  A fire elemental (Lair:3)
  2 vampire mosquitoes (D:6)
  An orc warrior (D:7)
  4 water moccasins
  An ice beast (D:7)
  3 black bears
  A sky beast (D:5)
  2 ogres
  4 wolves
  A centaur (D:8)
  3 kobold brigands
  A water moccasin zombie (D:5)
  A water moccasin skeleton (D:6)
  4 wights
  An electric eel (Lair:1)
  A bullfrog zombie (D:6)
  A centaur zombie (D:8)
  2 lava snakes (Lair:3)
  2 orc priests
  A gnoll shaman (D:6)
  2 hounds
  A centaur skeleton (D:5)
  An orc wizard (D:8)
  5 gnolls
  4 orcs
  An endoplasm (D:4)
  A hobgoblin (D:4)
  A jackal (D:2)
  3 kobolds
96 creatures vanquished.

Vanquished Creatures (others)
  17 battlemagi
  23 fungi
  28 plants
68 creatures vanquished.

Grand Total: 384 creatures vanquished

Notes
Turn   | Place    | Note
-------+----------+-------------------------------------------
     0 | D:1      | wesbby the Minotaur Hunter began the quest for the Orb.
     0 | D:1      | Reached XP level 1. HP: 18/18 MP: 0/0
   428 | D:1      | Reached XP level 2. HP: 25/25 MP: 1/1
   692 | D:2      | Found a faded altar of an unknown god.
   701 | D:2      | Became a worshipper of Hepliaklqana the Forgotten
   701 | D:2      | Reached * piety under Hepliaklqana
   709 | D:2      | Reached skill level 5 in Bows
   732 | D:2      | Reached XP level 3. HP: 22/27 MP: 2/2
  1629 | D:3      | Found Meqi's Magic Scroll Shoppe.
  1637 | D:3      | Bought a scroll of identify for 20 gold pieces
  1637 | D:3      | Bought a scroll of identify for 20 gold pieces
  1637 | D:3      | Bought a scroll of teleportation for 30 gold pieces
  1670 | D:3      | Found a stormy altar of Qazlal.
  1869 | D:3      | Reached XP level 4. HP: 33/33 MP: 3/3
  1953 | D:3      | Reached ** piety under Hepliaklqana
  1997 | D:3      | Remembered your ancestor Monnaoa as a battlemage
  2343 | D:3      | Reached skill level 6 in Bows
  2512 | D:4      | Found a large runed translucent door.
  2512 | D:4      | Found a large runed translucent door.
  2512 | D:4      | Noticed mdk's ghost (novice DECj)
  2529 | D:4      | Killed mdk's ghost
  2530 | D:4      | Reached skill level 7 in Bows
  2530 | D:4      | Reached skill level 1 in Armour
  2530 | D:4      | Reached XP level 5. HP: 41/41 MP: 4/4
  2530 | D:4      | Reached XP level 6. HP: 46/46 MP: 5/5
  2679 | D:4      | Reached skill level 8 in Bows
  2941 | D:4      | Reached XP level 7. HP: 48/53 MP: 6/6
  3008 | D:4      | Noticed Menkaure
  3012 | D:4      | Killed Menkaure
  3070 | D:4      | Learned a level 2 spell: Blink
  3219 | D:5      | Entered Level 5 of the Dungeon
  3253 | D:5      | Reached skill level 9 in Bows
  3347 | D:5      | Found a basalt altar of Yredelemnul.
  3819 | D:5      | Reached skill level 5 in Fighting
  3819 | D:5      | Reached XP level 8. HP: 61/61 MP: 7/7
  4145 | D:6      | Reached *** piety under Hepliaklqana
  4151 | D:6      | Reached skill level 10 in Bows
  4612 | D:6      | Reached skill level 11 in Bows
  4856 | D:6      | Found an ancient bone altar of Kikubaaqudgha.
  4995 | D:6      | Reached XP level 9. HP: 70/70 MP: 8/8
  5300 | D:6      | Reached skill level 12 in Bows
  5353 | D:6      | Found a staircase to the Ecumenical Temple.
  5669 | D:7      | Found a broken altar of Ashenzari.
  5855 | D:7      | Reached **** piety under Hepliaklqana
  6033 | D:7      | Reached skill level 13 in Bows
  6413 | D:7      | Found an opulent altar of Gozag.
  6867 | D:8      | Reached XP level 10. HP: 79/79 MP: 9/9
  6871 | D:8      | Found Axonur's Assorted Antiques.
  6882 | D:8      | Bought a scroll of teleportation for 72 gold pieces
  6882 | D:8      | Bought a metallic ruby potion for 21 gold pieces
  6882 | D:8      | Bought a scroll labelled HICUFU NABA for 24 gold pieces
  6882 | D:8      | Bought a sedimented purple potion for 21 gold pieces
  6882 | D:8      | Bought a scroll labelled YKAYMO CUTHOOG for 24 gold pieces
  7236 | D:9      | Found a bloodstained altar of Trog.
  8072 | D:9      | Found an iron altar of Okawaru.
  8092 | D:9      | Reached skill level 14 in Bows
  8095 | D:9      | Reached skill level 5 in Armour
  8397 | D:9      | Reached ***** piety under Hepliaklqana
  8450 | D:9      | Found a blossoming altar of Fedhas.
  8867 | D:9      | Found a staircase to the Orcish Mines.
  9017 | D:10     | Entered Level 10 of the Dungeon
  9107 | D:10     | Found a staircase to the Lair.
  9182 | D:10     | Noticed a two-headed ogre
  9189 | D:10     | Killed a two-headed ogre
  9190 | D:10     | Reached skill level 1 in Maces & Flails
  9190 | D:10     | Reached skill level 15 in Bows
  9190 | D:10     | Reached XP level 11. HP: 89/89 MP: 10/10
  9190 | D:10     | Noticed a two-headed ogre
  9199 | D:10     | Killed a two-headed ogre
  9363 | D:10     | Noticed a two-headed ogre
  9367 | D:10     | Killed a two-headed ogre
  9368 | D:10     | Reached skill level 10 in Fighting
  9621 | Lair:1   | Entered Level 1 of the Lair of Beasts
  9995 | Lair:1   | Noticed an eight-headed hydra
 10314 | Lair:2   | Killed an eight-headed hydra
 10497 | Lair:1   | Noticed a catoblepas
 10509 | Lair:1   | Killed a catoblepas
 10510 | Lair:1   | Reached skill level 5 in Dodging
 10646 | Lair:1   | Identified the +2 leather armour of Vaon {rElec Regen+}
 10867 | Lair:2   | Reached skill level 16 in Bows
 10949 | Lair:2   | Reached XP level 12. HP: 100/100 MP: 11/11
 11010 | Lair:2   | Identified the +5 kite shield "Vezuog" {rC+ MP+9 Int+3
                  | Dex-2}
 11625 | Lair:2   | Noticed a five-headed hydra
 11627 | Lair:2   | Noticed a five-headed hydra
 11631 | Lair:2   | Killed a five-headed hydra
 11636 | Lair:2   | Killed a five-headed hydra
 12349 | Lair:3   | Reached skill level 1 in Invocations
 12382 | Lair:3   | Found a staircase to the Swamp.
 13409 | Lair:4   | Noticed Josephine
 13651 | Lair:4   | Reached skill level 17 in Bows
 13672 | Lair:4   | Noticed a death yak
 13676 | Lair:4   | Noticed a death yak
 13679 | Lair:4   | Found a staircase to the Snake Pit.
 13725 | Lair:4   | Noticed a death yak
 13958 | Lair:4   | Reached XP level 13. HP: 111/111 MP: 13/13
 13964 | Lair:4   | Killed Josephine
 14639 | Lair:5   | You are sucked into a shaft and drop 1 floor!
 14639 | Lair:6   | Entered Level 6 of the Lair of Beasts
 14791 | Lair:6   | HP: 5/112 [poisoned by a cane toad]
 14793 | Lair:6   | HP: 2/112 [poisoned by a cane toad]
 14793 | Lair:6   | Mangled by a cane toad

Illustrated notes

Levels and vault maps discovered:
D:1:      minmay_arrival_four_houses, layout_loops_ring,
          corexii_item_surrounded_by_moat
D:2:      layout_basic, hellmonk_ecumenical_altar_crossroads,
          minmay_fountain_box
D:3:      layout_loops_corners, lemuel_tele_altar, serial_shops, shop
D:4:      layout_basic, ebering_ghost_disaster_area, uniq_menkaure
D:5:      layout_basic, yredelemnul_altar_generic
D:6:      layout_gridville, lemuel_doored_altar, temple_hall,
          minmay_misc_feat_cross, minmay_chambers_of_fives
D:7:      layout_cave_pods, marbit_many_paths, amcnicky_altar_gilded
D:8:      layout_cave_pools, serial_shops, nicolae_stop_n_shop_2
D:9:      minmay_skewed_foursquare, layout_irregular_city,
          kennysheep_little_box, trog_ov_bears_minmay,
          fedhas_bush_and_centaur_altar, kennysheep_orc_monster_closet_entryway
D:10:     layout_layer_cave, minmay_lair_entry_grove, uniq_fannar
Lair:1:   layout_hall_layers, infiniplex_staircase_pool, grunt_megastairs_3,
          lemuel_fruit_tree
Lair:2:   layout_regular_city, chequers_serial_rivers_micro_a,
          hangedman_lair_generics_rect
Lair:3:   layout_gridlike, skrybe_swamp_entry_bodies
Lair:4:   layout_hall_layers, dummy_snake_entry, grunt_megastairs_5,
          uniq_josephine
Lair:5:   layout_small_grid, gammafunk_ghost_berserking_beasts,
          gauntlet_entry_generic, special_room [special_room_bee], st_stairs_7
Lair:6:   due_jungle_book, layout_cave_pods, minmay_slime_entry_pillars

Skill      XL: |  1  2  3  4  5  6  7  8  9 10 11 12 13 |
---------------+----------------------------------------+-----
Bows           | 5 7 8 9 11 13 15 16 17 | 17.3
Fighting       | 3 4 5 6 8 9 11 14 | 14.7
Armour         | 1 2 3 6 7 8 |  8.4
Dodging        | 3 4 5 6 |  6.2
Maces & Flails | 1 2 |  2.6
Invocations    | 1 |  1.8
Polearms       | |  0.7
Stealth        | |  0.7

Action                   |  1- 3 |  4- 6 |  7- 9 | 10-12 | 13-15 || total
-------------------------+-------+-------+-------+-------+-------++-------
Melee: Flail             |       |       |       |    27 |     7 ||    34
       Headbutt          |       |       |       |     5 |     1 ||     6
       Spear             |       |       |       |     6 |       ||     6
 Fire: Shortbow          |    87 |    56 |   297 |   573 |   103 ||  1116
Throw: Throwing net      |       |       |       |     1 |       ||     1
 Cast: Blink             |       |       |     1 |       |       ||     1
Invok: Ancestor Identity |     1 |       |       |       |       ||     1
       Ancestor Life: Ba |       |     1 |       |       |       ||     1
       Idealise          |       |       |       |     3 |       ||     3
       Recall Ancestor   |       |       |       |     3 |     1 ||     4
  Use: Scroll            |     3 |       |     7 |    14 |     4 ||    28
       Potion            |       |       |       |     5 |     1 ||     6
 Stab: Distracted        |       |       |       |     2 |       ||     2
Armor: Ring mail         |    10 |     2 |    10 |    65 |     4 ||    91
Dodge: Dodged            |    19 |     5 |    40 |   241 |    23 ||   328

Table legend: (Time is in decaauts)
 A = Elapsed time spent in this place.
 B = Non-inter-level travel time spent in this place.
 C = Inter-level travel time spent in this place.
 D = Time resting spent in this place.
 E = Time spent auto-exploring this place.
 F = Levels seen in this place.
 G = Mean time per level.
                   A        B        C        D        E       F      G
               +--------+--------+--------+--------+--------+-----+--------+
         Total |  14435 |  11064 |   3371 |      0 |   6868 |  16 |  902.2 |
       Dungeon |   9455 |   8115 |   1340 |      0 |   6028 |  10 |  945.5 |
          Lair |   4980 |   2949 |   2031 |      0 |    840 |   6 |  830.0 |
               +--------+--------+--------+--------+--------+-----+--------+

Top non-repeatable levels by time:
  Lair:2: 1664 daAuts
     D:7: 1439 daAuts
  Lair:3: 1409 daAuts
     D:5: 1248 daAuts
     D:8: 1069 daAuts
     D:9: 952 daAuts
     D:3: 946 daAuts
     D:6: 945 daAuts
     D:2: 900 daAuts
  Lair:1: 769 daAuts
  Lair:4: 764 daAuts
     D:4: 701 daAuts
     D:1: 667 daAuts
    D:10: 583 daAuts
  Lair:5: 218 daAuts
